 Dungeon Crawl Stone Soup version 0.23.2-1-ga50397a (webtiles) character file.

Game seed: 1560602843075187627

120 Iscandelvey the Vexing (level 4, -3/32 HPs)
             Began as a Demonspawn Arcane Marksman on Apr 26, 2019.
             Slain by an orc
             ... wielding a +0 flail
              (11 damage)
             ... on level 3 of the Dungeon.
             The game lasted 00:01:46 (2186 turns).

Iscandelvey the Vexing (Demonspawn Arcane Marksman) Turns: 2186, Time: 00:01:47

Health: -3/32      AC:  2    Str: 11    XL:     4   Next: 75%
Magic:  7/7        EV: 13    Int: 15    God:
Gold:   157        SH:  0    Dex: 13    Spells: 6/7 levels left

rFire    . . .     SeeInvis .   a - +0 hand crossbow
rCold    . . .     Gourm    .   (no shield)
rNeg     . . .     Faith    .   e - +0 robe
rPois    .         Spirit   .   (no helmet)
rElec    .         Reflect  .   (no cloak)
rCorr    .         Harm     .   (no gloves)
MR       .....                  (no boots)
Stlth    ++........             (no amulet)
HPRegen  0.10/turn              (no ring)
MPRegen  0.10/turn              (no ring)

@: no status effects
A: nightstalker 1
a: no special abilities


You were on level 3 of the Dungeon.
You were not hungry.

You visited 1 branch of the dungeon, and saw 3 of its levels.

You collected 157 gold pieces.

Inventory:

Hand Weapons
 a - a +0 hand crossbow (weapon)
 k - a +0 dagger
Missiles
 d - 15 bolts (quivered)
Armour
 e - a +0 robe (worn)
Jewellery
 p - an uncursed ring of stealth {unknown}
Scrolls
 c - 2 scrolls of enchant weapon {unknown}
 g - 3 scrolls of identify {unknown}
 i - a scroll of immolation {unknown}
 j - a scroll of fog {unknown}
 l - 2 scrolls of random uselessness {unknown}
 m - 3 scrolls of noise {unknown}
 n - 3 scrolls of remove curse {unknown}
 q - 2 scrolls of teleportation {unknown}
 t - a scroll of enchant armour {unknown}
Potions
 b - a potion of ambrosia {unknown}
 h - 2 potions of degeneration {unknown}
 o - a potion of curing {unknown}
 r - a potion of mutation {unknown}
Comestibles
 f - 6 rations


   Skills:
 - Level 1.0 Fighting
 + Level 2.9 Crossbows
 + Level 2.9 Dodging
 + Level 2.2 Spellcasting
 - Level 3.3 Hexes


You had 6 spell levels left.
You knew the following spells:

 Your Spells              Type           Power        Failure   Level  Hunger
a - Corona                Hex            ##.....      5%          1    #......

Your spell library contained the following spells:

 Spells                   Type           Power        Failure   Level  Hunger
 Slow                     Hex            ##......     9%          2    ###....
 Inner Flame              Hex/Fire       #.......     32%         3    ###....
 Portal Projectile        Hex/Tloc       #.....       32%         3    ###....
 Cause Fear               Hex            ##........   47%         4    #####..
 Leda's Liquefaction      Hex/Erth       #.........   71%         4    #####..


Dungeon Overview and Level Annotations

Branches:
Dungeon (3/15)

Altars:
Ashenzari


Innate Abilities, Weirdness & Mutations

You are slightly more attuned to the shadows.


Message History

Press: ? - help, Shift-Dir - straight line, f/p - orc
Aim: an orc, wielding a +0 mace (severely wounded)
You shoot a bolt. The bolt hits the orc priest!
You kill the orc priest!
Firing (i - inventory)
d - 17 bolts (quivered)
Press: ? - help, Shift-Dir - straight line, f/p - orc
Aim: an orc, wielding a +0 mace (severely wounded)
You shoot a bolt. The bolt barely misses the orc.
The orc barely misses you. The orc hits you with a +0 flail!
* * * LOW HITPOINT WARNING * * *
You are too injured to fight recklessly!
You are too injured to fight recklessly!
You are too injured to fight recklessly!
Firing (i - inventory)
d - 16 bolts (quivered)
Press: ? - help, Shift-Dir - straight line, f/p - orc
Aim: an orc, wielding a +0 mace (severely wounded)
You shoot a bolt. The bolt hits the orc.
The orc is almost dead.
The orc hits you with a +0 flail!
You die...

...... ...... ..#
.(.(..### ..# .(.(..#(#
..# ....(.#.# ..#
..(....((K# ..#
........#o# ....
...>#.##o# .... ...#.##@#
#.#. ####.#.##.#### ...
.............# #.#
###...##.##.## #.#
.####...##.#...# #.# #
...........###.#
#.#.##.####..#######.####
.......####.............#
#.#.......#..#######.##.#


You could see 2 orcs and a kobold.

Vanquished Creatures
  An orc priest (D:3)
  An adder (D:3)
  An ooze (D:3)
  A worm (D:2)
  2 dart slugs
  6 leopard geckos
  4 orcs (D:3)
  A ball python (D:1)
  4 bats
  A giant cockroach (D:3)
  7 goblins
  4 hobgoblins
  10 jackals
  2 quokkas (D:2)
  2 frilled lizards (D:1)
  2 kobolds (D:1)
  5 rats
54 creatures vanquished.

Notes
Turn   | Place    | Note
-------+----------+-------------------------------------------
     0 | D:1      | Iscandelvey the Demonspawn Arcane Marksman began the quest
                  | for the Orb.
     0 | D:1      | Reached XP level 1. HP: 15/15 MP: 2/2
   148 | D:1      | Gained mutation: You are slightly more attuned to the
                  | shadows. [demonic ancestry]
   148 | D:1      | Reached XP level 2. HP: 21/21 MP: 3/3
   810 | D:2      | Reached XP level 3. HP: 26/26 MP: 5/5
  1565 | D:3      | Found a shattered altar of Ashenzari.
  1859 | D:3      | Reached XP level 4. HP: 32/32 MP: 6/6
  2186 | D:3      | Slain by an orc

Skill      XL: |  1  2  3  4 |
---------------+-------------+-----
Crossbows      | 2 |  2.9
Dodging        | 2 |  2.9
Spellcasting   | 2 |  2.2
Fighting       | |  1.0
Hexes          | |  3.3

Action                   |  1- 3 |  4- 6 || total
-------------------------+-------+-------++-------
 Fire: Hand crossbow     |   108 |    29 ||   137
  Eat: Chunk             |     2 |     2 ||     4
Armor: Robe              |     2 |     2 ||     4
Dodge: Dodged            |    33 |     6 ||    39
